 Dungeon Crawl Stone Soup version 0.29-a0-845-g6161e89988 (webtiles) character file.

Game seed: 3647370799248109839

882 mathmaestro the Purveyor of Pain (level 7, 0/52 HPs)
             Began as a Demonspawn Necromancer on July 15, 2022.
             Was an Initiate of Kikubaaqudgha.
             Slain by a gnoll sergeant
             ... wielding a +1 spear of venom
              (9 damage)
             ... on level 6 of the Dungeon.
             The game lasted 00:13:33 (6042 turns).

mathmaestro the Purveyor of Pain (DsNe)             Turns: 6042, Time: 00:13:34

Health: 0/52       AC:  8    Str:  9    XL:     7   Next: 76%
Magic:  4/12       EV: 16    Int: 18    God:    Kikubaaqudgha [......]
Gold:   379        SH:  0    Dex: 13    Spells: 5/13 levels left

rFire   . . .      SeeInvis .   p - +7 hammer "Detwe Coli" {pain, rC+}
rCold   + . .      Faith    .   (no shield)
rNeg    . . .      Spirit   .   h - +0 leather armour
rPois   .          Reflect  .   m - +0 helmet
rElec   .          Harm     .   o - +0 cloak
rCorr   .          Rampage  .   (no gloves)
Will    .....                   r - +0 pair of boots
Stlth   ++........              (no amulet)
HPRegen 0.17/turn               d - ring of wizardry
MPRegen 0.26/turn               e - +4 ring of evasion

@: about to teleport, weakened, animating dead
A: slimy green scales 1, powered by death 1, magic regeneration
a: Renounce Religion


You were on level 6 of the Dungeon.
You worshipped Kikubaaqudgha.
Kikubaaqudgha was noncommittal.
You visited 2 branches of the dungeon, and saw 9 of its levels.

You collected 379 gold pieces.

Inventory:

Hand Weapons
 i - a +0 hand axe
 p - the +7 hammer "Detwe Coli" (weapon) {pain, rC+}
   (You found it on level 3 of the Dungeon)

   In the hands of one skilled in necromantic magic, it inflicts extra damage on
   living creatures.
   rC:        It protects you from cold.
Missiles
 s - 5 boomerangs
Armour
 h - a +0 leather armour (worn)
 j - a +0 kite shield
 m - a +0 helmet (worn)
 o - a +0 cloak (worn)
 r - a +0 pair of boots (worn)
Jewellery
 d - a ring of wizardry (left hand)
 e - a +4 ring of evasion (right hand)
 q - a ring of willpower
Wands
 t - a wand of flame (20)
Scrolls
 c - a scroll of teleportation
 n - a scroll of silence
Potions
 b - 2 potions of magic
 f - 3 potions of might
 g - a potion of cancellation {unknown}
 k - 2 potions of brilliance {unknown}
 l - 2 potions of lignification


   Skills:
 + Level 3.1 Fighting
 + Level 1.2 Maces & Flails
 + Level 3.0 Armour
 + Level 3.5 Dodging
 + Level 3.9 Stealth
 + Level 3.6 Spellcasting
 + Level 5.8 Necromancy
 + Level 0.1 Evocations


You had 5 spell levels left.
You knew the following spells:

 Your Spells              Type           Power      Damage    Failure   Level
a - Necrotise             Necr           96%        1d8       1%          1
b - Vampiric Draining     Necr           24%        2d7       2%          3
c - Animate Dead          Necr           24%        N/A       8%          4

Your spell library contained the following spells:

 Spells                   Type           Power      Damage    Failure   Level
 Sting                    Tmut/Pois      12%        1d3       9%          1
 Poisonous Vapours        Pois/Air       6%         N/A       12%         2
 Agony                    Necr           24%        N/A       21%         5
 Dazzling Flash           Conj/Hex       6%         N/A       24%         3
 Ignite Poison            Fire/Tmut/Pois 3%         N/A       24%         3
 Mephitic Cloud           Conj/Pois/Air  3%         N/A       24%         3
 Iskenderun's Mystic Bla  Conj/Tloc      3%         2d3       58%         4
 Olgreb's Toxic Radiance  Pois           3%         N/A       58%         4
 Freezing Cloud           Conj/Ice/Air   1%         6-21      89%         5
 Starburst                Conj/Fire      1%         6d3       100%        6


Dungeon Overview and Level Annotations

Branches:
Dungeon (8/15)             Temple (1/1) D:5
   Lair: D:8-11

Altars:
Ashenzari
Cheibriados
Fedhas
Hepliaklqana
Kikubaaqudgha
Nemelex Xobeh
Qazlal
Ru
Sif Muna
Wu Jian
Yredelemnul

Shops:
D:2 (


Innate Abilities, Weirdness & Mutations

You are partially covered in slimy green scales. (AC +2)
You regenerate a little health from kills.
You regenerate magic rapidly.


Message History

Kikubaaqudgha accepts your kill.
You feel life coursing into your body.
The dead are walking!
The gnoll barely misses you.
A gnoll comes into view. It is wielding a +0 whip.
The gnoll sergeant hits you from afar with a +1 spear of venom.
You are poisoned.
Unknown command.
You feel better.
The gnoll sergeant is no longer moving quickly.
The gnoll hits you but does no damage.
The gnoll sergeant hits you from afar with a +1 spear of venom.
You are poisoned.
Unknown command.
You feel very sick. The gnoll misses you.
The gnoll sergeant hits you with a +1 spear of venom.
* * * LOW HITPOINT WARNING * * *
Unknown command.
The gnoll sergeant attacks as you move away!
The gnoll sergeant hits you but does no damage.
* * * LOW HITPOINT WARNING * * *
You feel very sick.
The gnoll bouda gazes fiercely through you!
You feel your attacks grow feeble.
Your gnoll zombie barely misses the gnoll.
The gnoll sergeant closely misses you.
The gnoll hits you from afar with a +0 spear!
* * * LOW HITPOINT WARNING * * *
You feel better.
The gnoll hits your gnoll zombie with a +0 spear.
Your gnoll zombie hits the gnoll.
The gnoll sergeant closely misses you. The gnoll barely misses you.
The gnoll hits your gnoll zombie with a +0 spear.
Your gnoll zombie hits the gnoll.
As you read the scroll of teleportation, it crumbles to dust.
You feel strangely unstable.
The gnoll hits your gnoll zombie with a +0 spear.
The gnoll sergeant hits you from afar with a +1 spear of venom!
You die...
Kikubaaqudgha rasps: "You have failed me!
Welcome... death!"

### .###.. ##@###
.#.... #..#.##
.....#
#..gg.####....#
#..Zg.##.....##
#..##gg........#
#.............## #
###.#..........#
.##
###..........##...
#...............


You could see a gnoll sergeant, 3 gnolls and a friendly gnoll zombie.

Vanquished Creatures
  Sigmund (D:3)
  2 sky beasts (D:4)
  2 scorpions
  A necrophage (D:5)
  A hound (D:5)
  Crazy Yiuf (D:3)
  4 iguanas
  2 orc wizards (D:5)
  A gnoll (D:6)
  4 adders
  4 worms
  2 dart slugs
  4 orcs
  6 bats
  7 endoplasms
  5 giant cockroaches
  8 goblins
  8 hobgoblins
  5 kobolds
  6 quokkas
  12 ball pythons
  3 frilled lizards
  4 rats
93 creatures vanquished.

Vanquished Creatures (collateral kills)
  A dart slug (D:1)
  A ball python (D:1)
  A hobgoblin (D:2)
  4 rats
7 creatures vanquished.

Vanquished Creatures (others)
  6 plants (D:6)
6 creatures vanquished.

Grand Total: 106 creatures vanquished

Notes
Turn   | Place    | Note
-------+----------+-------------------------------------------
     0 | D:1      | mathmaestro the Demonspawn Necromancer began the quest for
                  | the Orb.
     0 | D:1      | Reached XP level 1. HP: 13/13 MP: 3/3
   107 | D:1      | Found a faded altar of an unknown god.
   169 | D:1      | Gained mutation: You regenerate a little health from kills.
                  | [demonic ancestry]
   169 | D:1      | Reached XP level 2. HP: 19/20 MP: 0/5
   657 | D:1      | Gained mutation: You are partially covered in slimy green
                  | scales. (AC +2) [demonic ancestry]
   657 | D:1      | Reached XP level 3. HP: 25/25 MP: 1/6
  1596 | D:2      | Reached skill level 1 in Fighting
  1691 | D:2      | Reached skill level 1 in Armour
  2127 | D:3      | Reached XP level 4. HP: 32/32 MP: 2/7
  2135 | D:3      | Identified the +8 spear "Joqolaomm" {antimagic, rC- Will+
                  | Str+2 Int+5}
  2146 | D:3      | Learned a level 3 spell: Vampiric Draining
  2348 | D:3      | Found an ornate altar of the Wu Jian Council.
  2403 | D:3      | Noticed Sigmund
  2421 | D:3      | Killed Sigmund
  2422 | D:3      | Reached skill level 5 in Necromancy
  2422 | D:3      | Reached XP level 5. HP: 14/38 MP: 3/9
  2974 | D:2      | Found Ywaeb's Weapon Shoppe.
  3234 | D:3      | Found a runed translucent door.
  3235 | D:3      | Noticed Crazy Yiuf
  3243 | D:3      | Killed Crazy Yiuf
  3244 | D:3      | Reached XP level 6. HP: 36/44 MP: 4/10
  3247 | D:3      | Identified the +7 hammer "Detwe Coli" {pain, rC+}
  3645 | D:4      | Noticed a sky beast
  3663 | D:4      | Killed a sky beast
  3770 | D:4      | Found a snail-covered altar of Cheibriados.
  3903 | D:4      | Noticed a sky beast
  3914 | D:4      | Killed a sky beast
  4201 | D:4      | Learned a level 4 spell: Animate Dead
  4269 | D:4      | Gained mutation: You regenerate magic rapidly. [demonic
                  | ancestry]
  4269 | D:4      | Reached XP level 7. HP: 47/51 MP: 9/12
  4753 | D:5      | Entered Level 5 of the Dungeon
  5012 | D:5      | Found a staircase to the Ecumenical Temple.
  5021 | Temple   | Entered the Ecumenical Temple
  5193 | Temple   | Became a worshipper of Kikubaaqudgha
  5272 | D:5      | Reached skill level 1 in Maces & Flails
  5734 | D:5      | You fall into a shaft and drop 3 floors!
  6039 | D:6      | HP: 2/52 [gnoll/+0 spear[a gnoll sergeant] (7)]
  6042 | D:6      | Slain by a gnoll sergeant

Illustrated notes

Levels and vault maps discovered:
D:1:      dpeg_arrival_ratfight, layout_basic,
          ebering_ecumenical_altar_abandoned
D:2:      layout_basic, serial_shops, nicolae_shop_statue_plus,
          due_unseen_surprise
D:3:      layout_basic, nicolae_wu_jian_wuxing_cycle, uniq_sigmund,
          uniq_crazy_yiuf_cottage
D:4:      layout_basic, mainiacjoe_overflow_brackets, reono_crystal_passage
D:5:      layout_loops_ring, lemuel_temple_firewalk_b, kennysheep_generic_room_8
D:6:      layout_cave_pools, lightli_sewer_entry_pipes, nicolae_grassy_gnolls
D:7:      layout_basic, okawaru_altar_gauntlet_db, roderic_roman_lattice,
          nicolae_shop_gadgets
D:8:      minmay_the_grid_octo_tiled_octocenter [minmay_the_grid_octo_77,
          minmay_the_grid_octo_checkerflower, minmay_the_grid_octo_shrine,
          minmay_the_grid_octo_chip,
          minmay_the_grid_octo_prize_ultimate_mussel_roller,
          minmay_the_grid_square_5x5_tri_point,
          minmay_the_grid_square_5x5_three_walls,
          minmay_the_grid_square_5x5_one_wall,
          minmay_the_grid_square_5x5_fat_x], layout_loops_corners,
          grunt_temple_overflow_lords_of_destruction,
          mainiacjoe_overflow_alcove_2, serial_shops, shop, st_stairs_10,
          uniq_maggie, uniq_joseph
Temple:   chequers_temple_sunken

Skill      XL: |  1  2  3  4  5  6  7 |
---------------+----------------------+-----
Stealth        | 2 3 |  3.9
Dodging        | 2 3 |  3.5
Fighting       | 1 2 3 |  3.1
Armour         | 1 2 3 |  3.0
Necromancy     | 5 |  5.8
Spellcasting   | 3 |  3.6
Maces & Flails | 1 |  1.2
Evocations     | |  0.1

Action                   |  1- 3 |  4- 6 |  7- 9 || total
-------------------------+-------+-------+-------++-------
Melee: Dagger            |    36 |    20 |       ||    56
       Spear             |       |     3 |       ||     3
       Mace              |       |    35 |    56 ||    91
       Punch             |       |       |     1 ||     1
 Cast: Necrotise         |    76 |    40 |    29 ||   145
       Vampiric Draining |       |     4 |     2 ||     6
       Animate Dead      |       |       |     1 ||     1
  Use: Scroll            |     2 |       |     8 ||    10
       Potion            |       |       |     2 ||     2
 Stab: Sleeping          |     1 |       |     2 ||     3
       Distracted        |       |       |     1 ||     1
Armor: Robe              |    19 |       |       ||    19
       Leather armour    |       |    34 |    22 ||    56
Dodge: Dodged            |    39 |    42 |    51 ||   132

Table legend: (Time is in decaauts)
 A = Elapsed time spent in this place.
 B = Non-inter-level travel time spent in this place.
 C = Inter-level travel time spent in this place.
 D = Time resting spent in this place.
 E = Time spent auto-exploring this place.
 F = Levels seen in this place.
 G = Mean time per level.
                   A        B        C        D        E       F      G
               +--------+--------+--------+--------+--------+-----+--------+
         Total |   6121 |   5895 |    226 |    748 |   4112 |   9 |  680.1 |
       Dungeon |   5889 |   5684 |    205 |    748 |   3908 |   8 |  736.1 |
        Temple |    232 |    212 |     20 |      0 |    204 |   1 |  232.0 |
               +--------+--------+--------+--------+--------+-----+--------+

Top non-repeatable levels by time:
     D:1: 1396 daAuts
     D:3: 1344 daAuts
     D:4: 1122 daAuts
     D:2: 904 daAuts
     D:5: 812 daAuts
  Temple: 232 daAuts
     D:7: 211 daAuts
     D:6: 67 daAuts
     D:8: 30 daAuts
